Map: Deathaura LE

Players

A.I. 1 (Easy)

  • Race: Terran Terran
  • Spawn Location: 5:00

Hayden - Winner!

  • Race: Protoss Protoss
  • League: Diamond
  • Spawn Location: 11:00

VOD

Have the link to the VOD?

Description

Time

  • Played on: Oct. 7, 2020, 9:09 p.m.
  • Length: 5:47
Show
View Real Time Build Order
Export as new Build Order

A.I. 1 (Easy) Terran 

Build Orders:  

Get SALT Encoding   

  12  0:00  SCV  
  13  0:13  SCV  
  14  0:18  Supply Depot  
  14  0:25  SCV  
  15  0:39  SCV  
  16  0:44  Barracks  
  16  1:08  Command Center  
  16  1:32  Supply Depot, Marine  
  17  1:33  Orbital Command  
  17  1:40  Refinery  
  17  1:50  Marine  
  17  1:51  Refinery  
  18  1:58  SCV  
  19  2:08  Marine  
  20  2:10  SCV  
  21  2:23  SCV x2  
  21  2:26  Barracks Tech Lab  
  23  2:35  SCV x2  
  25  2:41  Refinery  
  25  2:44  Marine  
  26  2:52  SCV  
  26  2:56  SCV  
  28  3:04  SCV  
  29  3:08  Marauder, SCV  
  32  3:16  SCV  
  33  3:21  Supply Depot  
  33  3:24  SCV  
  34  3:28  SCV  
  34  3:31  Marine  
  36  3:36  SCV  
  36  3:40  SCV  
  38  3:47  Supply Depot  
  38  3:48  SCV  
  39  3:52  SCV  
  39  3:55  Marine  
  41  4:00  SCV  
  42  4:08  SCV  
  43  4:10  Factory  
  43  4:12  SCV  
  44  4:19  Marine  
  45  4:26  Supply Depot  
  45  4:27  SCV  
  46  4:31  SCV  
  47  4:39  SCV  
  47  4:41  Refinery  
  47  4:43  Marauder  
  50  4:48  SCV  
  50  4:50  Supply Depot  
  50  4:52  SCV  
  52  4:56  Starport  
  52  5:00  SCV  
  52  5:04  SCV  
  52  5:06  Marauder  
  56  5:12  SCV  
  57  5:16  SCV  
  47  5:24  Hellion, SCV  
  38  5:28  SCV  
  38  5:33  Starport Tech Lab  
Show
View Real Time Build Order
Export as new Build Order

Hayden Protoss - Winner!

Build Orders: Nexus First, Dark Templar Rush 

Get SALT Encoding   

  12  0:00  Probe  
  13  0:12  Probe  
  14  0:18  Pylon  
  14  0:24  Probe (Chrono Boost)  
  15  0:37  Probe (Chrono Boost)  
  16  0:45  Probe (Chrono Boost)  
  17  0:51  Probe  
  18  1:02  Nexus  
  18  1:12  Probe (Chrono Boost)  
  18  1:13  Gateway  
  19  1:21  Assimilator  
  19  1:24  Probe (Chrono Boost)  
  20  1:29  Assimilator, Probe (Chrono Boost)  
  21  1:38  Probe  
  22  1:47  Pylon  
  22  1:50  Probe  
  23  2:02  Cybernetics Core  
  23  2:05  Probe (Chrono Boost)  
  24  2:14  Probe (Chrono Boost)  
  25  2:17  Probe (Chrono Boost)  
  26  2:24  Probe (Chrono Boost)  
  26  2:25  Probe (Chrono Boost)  
  26  2:29  Probe (Chrono Boost)  
  28  2:31  Probe  
  30  2:38  Robotics Facility  
  30  2:41  Probe, Twilight Council  
  30  2:43  Probe, Warp Gate  
  32  2:47  Stalker  
  34  2:53  Probe  
  34  2:55  Probe  
  36  3:05  Probe  
  37  3:08  Probe  
  38  3:17  Probe (Chrono Boost)  
  39  3:22  Dark Shrine  
  40  3:27  Stalker (Chrono Boost)  
  40  3:29  Probe (Chrono Boost)  
  40  3:32  Probe (Chrono Boost)  
  40  3:34  Gateway  
  43  3:37  Gateway  
  43  3:38  Probe (Chrono Boost)  
  44  3:41  Assimilator  
  44  3:42  Pylon  
  44  3:43  Assimilator  
  44  3:46  Pylon, Probe  
  45  3:50  Probe  
  46  4:00  Probe, Warp Prism (Chrono Boost)  
  49  4:04  Shield Battery  
  49  4:05  Shield Battery  
  49  4:11  Probe  
  49  4:15  Probe  
  51  4:24  Probe  
  52  4:30  Probe  
  53  4:36  Dark Templar x3  
  59  4:42  Probe  
  61  4:52  Probe  
  61  4:54  Probe  
  61  4:57  Nexus  
  61  4:59  Assimilator  
  62  5:02  Pylon  
  62  5:03  Pylon  
  62  5:20  Probe x2  
  68  5:22  Dark Templar x3  
  68  5:28  Pylon  
  74  5:32  Probe x2 (Chrono Boost)  
  76  5:38  Gateway  
  76  5:39  Gateway  
Tags
 
Add a new tag
Caveats
  • Supply blocks, unpowered buildings, or Contaminate may cause inaccurate times.
  • Supply counts are checked every 10 seconds.